12 | 0:03 | SCV | |
13 | 0:11 | Unknown, SCV | |
13 | 0:19 | SCV | |
15 | 0:34 | Supply Bunker | |
15 | 0:54 | SCV | |
15 | 0:57 | Supply Bunker | |
16 | 1:02 | SCV | |
17 | 1:10 | SCV | |
17 | 1:18 | SCV | |
19 | 1:22 | Supply Bunker | |
19 | 1:25 | SCV | |
20 | 1:33 | SCV | |
20 | 1:34 | Refinery | |
21 | 1:41 | SCV, Refinery | |
21 | 1:49 | SCV | |
23 | 1:57 | SCV | |
24 | 2:05 | SCV | |
25 | 2:13 | SCV | |
26 | 2:21 | SCV | |
26 | 2:22 | Supply Bunker | |
26 | 2:29 | SCV | |
29 | 2:45 | Dominion Trooper | |
30 | 2:53 | Dominion Trooper | |
31 | 3:01 | Dominion Trooper | |
31 | 3:09 | Supply Bunker, Dominion Trooper | |
32 | 3:14 | Supply Bunker | |
32 | 3:17 | Supply Bunker | |
33 | 3:46 | Dominion Trooper | |
34 | 3:53 | Engineering Bay | |
34 | 3:54 | Engineering Bay, Dominion Trooper | |
35 | 4:02 | Dominion Trooper | |
35 | 4:09 | Barracks, Dominion Trooper | |
37 | 4:17 | Dominion Trooper | |
38 | 4:20 | Unknown | |
38 | 4:25 | Dominion Trooper | |
39 | 4:33 | Dominion Trooper | |
39 | 4:41 | Dominion Trooper | |
39 | 4:47 | Orbital Trooper Pods | |
39 | 4:48 | Neosteel Armor | |
39 | 4:49 | Dominion Trooper | |
41 | 4:57 | Dominion Trooper | |
42 | 5:01 | Ghost Academy | |
42 | 5:05 | Dominion Trooper | |
43 | 5:13 | Dominion Trooper | |
43 | 5:14 | Factory | |
44 | 5:21 | Dominion Trooper | |
44 | 5:29 | Dominion Trooper | |
46 | 5:37 | Dominion Trooper | |
46 | 5:43 | Command Center | |
46 | 5:45 | SCV | |
46 | 5:46 | SCV x11 | |
46 | 5:47 | SCV x3 | |
52 | 5:50 | Supply Bunker, Dominion Trooper x6 | |
53 | 6:14 | Dominion Trooper | |
54 | 6:22 | Dominion Trooper | |
54 | 6:24 | Armory | |
55 | 6:30 | Dominion Trooper | |
55 | 6:32 | SCV x6 | |
55 | 6:37 | Dominion Trooper | |
55 | 6:38 | Refinery | |
57 | 6:45 | Dominion Trooper | |
57 | 6:48 | Refinery | |
58 | 6:53 | Dominion Trooper | |
59 | 7:01 | Dominion Trooper | |
59 | 7:09 | Dominion Trooper | |
61 | 7:17 | Dominion Trooper | |
62 | 7:25 | Dominion Trooper | |
63 | 7:33 | Dominion Trooper | |
64 | 7:41 | Dominion Trooper | |
64 | 7:46 | SCV | |
64 | 7:49 | Dominion Trooper | |
67 | 7:53 | SCV | |
67 | 7:57 | Dominion Trooper | |
69 | 8:05 | Dominion Trooper | |
69 | 8:09 | Dominion Trooper | |
72 | 8:13 | Starport, Dominion Trooper | |
72 | 8:17 | Dominion Trooper | |
74 | 8:21 | Dominion Trooper | |
74 | 8:25 | Dominion Trooper | |
74 | 8:29 | Dominion Trooper | |
77 | 8:33 | Dominion Trooper | |
77 | 8:37 | Dominion Trooper | |
78 | 8:41 | Dominion Trooper | |
78 | 8:48 | Command Center | |
78 | 8:49 | Dominion Trooper | |
80 | 8:57 | Dominion Trooper | |
81 | 9:05 | Dominion Trooper | |
82 | 9:13 | Dominion Trooper | |
83 | 9:21 | Dominion Trooper | |
83 | 9:29 | Dominion Trooper | |
84 | 9:40 | Terran Infantry Weapons Level 1, Terran Infantry Armor Level 1 | |
84 | 9:43 | Smart Servos | |
84 | 9:52 | Fusion Core, Imperial Witness | |
86 | 10:00 | Unknown | |
86 | 10:08 | Supply Bunker, Dominion Trooper x6 | |
91 | 10:15 | Unknown | |
91 | 10:17 | Unknown | |
91 | 10:19 | Unknown | |
88 | 10:21 | Unknown | |
88 | 10:22 | Imperial Witness | |
88 | 10:29 | Unknown | |
90 | 10:30 | Unknown | |
90 | 10:32 | Dominion Trooper | |
90 | 10:33 | Dominion Trooper | |
90 | 10:35 | Unknown | |
90 | 10:40 | Dominion Trooper | |
90 | 10:41 | Dominion Trooper | |
90 | 10:43 | Unknown | |
90 | 10:48 | Dominion Trooper | |
90 | 10:49 | Dominion Trooper | |
94 | 10:52 | Imperial Witness | |
94 | 10:56 | Dominion Trooper | |
94 | 10:57 | Dominion Trooper | |
98 | 11:04 | Dominion Trooper | |
98 | 11:05 | Dominion Trooper | |
98 | 11:07 | Amplified Airwaves | |
100 | 11:12 | Dominion Trooper | |
100 | 11:13 | Dominion Trooper | |
102 | 11:20 | Dominion Trooper | |
102 | 11:21 | Dominion Trooper | |
102 | 11:22 | Imperial Witness | |
102 | 11:28 | Dominion Trooper | |
102 | 11:29 | Dominion Trooper | |
108 | 11:36 | Dominion Trooper | |
108 | 11:37 | Dominion Trooper | |
110 | 11:44 | Dominion Trooper | |
110 | 11:45 | Unknown x2, Dominion Trooper | |
110 | 11:52 | Dominion Trooper | |
110 | 11:53 | Dominion Trooper | |
112 | 12:00 | Dominion Trooper x2 | |
112 | 12:07 | Aesir Turbines | |
112 | 12:08 | Dominion Trooper x2 | |
116 | 12:16 | Unknown, Dominion Trooper x2 | |
116 | 12:17 | Unknown x2 | |
112 | 12:24 | Dominion Trooper x2 | |
114 | 12:31 | Unknown, Dominion Trooper | |
114 | 12:32 | Dominion Trooper | |
114 | 12:39 | Dominion Trooper | |
116 | 12:40 | Dominion Trooper | |
116 | 12:47 | Dominion Trooper | |
116 | 12:48 | Dominion Trooper | |
119 | 12:55 | Dominion Trooper | |
119 | 12:56 | Dominion Trooper | |
119 | 12:59 | Unknown | |
120 | 13:00 | Unknown | |
120 | 13:01 | Unknown x4 | |
120 | 13:02 | Unknown | |
120 | 13:03 | Dominion Trooper | |
120 | 13:04 | Dominion Trooper | |
120 | 13:05 | Unknown x2 | |
120 | 13:08 | Supply Bunker, Dominion Trooper x6 | |
113 | 13:11 | Dominion Trooper | |
113 | 13:12 | Dominion Trooper | |
113 | 13:19 | Dominion Trooper | |
116 | 13:20 | Dominion Trooper | |
116 | 13:27 | Dominion Trooper | |
116 | 13:28 | Dominion Trooper | |
118 | 13:33 | Incapacitator Shells | |
118 | 13:35 | Dominion Trooper | |
118 | 13:36 | Terran Infantry Weapons Level 2, Terran Infantry Armor Level 2, Dominion Trooper | |
120 | 13:43 | Dominion Trooper | |
120 | 13:44 | Dominion Trooper | |
120 | 13:47 | Supply Bunker, Dominion Trooper x6 | |
128 | 13:51 | Dominion Trooper | |
128 | 13:52 | Dominion Trooper | |
128 | 13:57 | Supply Bunker x2 | |
128 | 13:58 | Supply Bunker | |
128 | 13:59 | Dominion Trooper | |
131 | 14:00 | Dominion Trooper | |
131 | 14:07 | Dominion Trooper x2 | |
134 | 14:13 | Imperial Witness | |
134 | 14:14 | Supply Bunker | |
134 | 14:15 | Supply Bunker, Dominion Trooper x2 | |
134 | 14:17 | Supply Bunker | |
138 | 14:21 | Supply Bunker | |
138 | 14:23 | Dominion Trooper x2 | |
140 | 14:31 | Dominion Trooper x2 | |
140 | 14:34 | Supply Bunker, Dominion Trooper x6 | |
140 | 14:38 | Dominion Trooper | |
140 | 14:39 | Dominion Trooper | |
148 | 14:43 | Imperial Witness | |
150 | 15:08 | Supply Bunker, Dominion Trooper x6 | |
156 | 15:17 | Unknown | |
156 | 15:24 | Unknown | |
156 | 15:28 | Unknown x2 | |
156 | 15:29 | Unknown | |
154 | 15:30 | Unknown x3 | |
154 | 15:31 | Unknown | |
154 | 15:32 | Dominion Trooper | |
154 | 15:33 | Dominion Trooper | |
152 | 15:40 | Dominion Trooper | |
152 | 15:41 | Dominion Trooper | |
152 | 15:48 | Dominion Trooper | |
152 | 15:49 | Dominion Trooper | |
156 | 15:56 | Dominion Trooper | |
156 | 15:57 | Dominion Trooper | |
158 | 16:04 | Dominion Trooper | |
158 | 16:05 | Unknown, Dominion Trooper | |
158 | 16:08 | Unknown | |
158 | 16:09 | Unknown x3 | |
155 | 16:12 | Dominion Trooper | |
155 | 16:13 | Dominion Trooper | |
157 | 16:20 | Dominion Trooper | |
157 | 16:21 | Dominion Trooper | |
157 | 16:28 | Dominion Trooper | |
157 | 16:29 | Dominion Trooper | |
161 | 16:36 | Dominion Trooper x2 | |
163 | 16:41 | Unknown x3 | |
163 | 16:42 | Unknown x4 | |
163 | 16:43 | Unknown | |
163 | 16:44 | Dominion Trooper x2 | |
163 | 16:46 | Unknown, Aim-assist Embrasures, Hemispheric Acceleraants | |
154 | 16:52 | Dominion Trooper x2 | |
154 | 16:53 | Unknown x2 | |
154 | 16:54 | Unknown x7 | |
154 | 16:56 | Unknown | |
154 | 16:57 | Unknown | |
154 | 16:59 | Dominion Trooper | |
146 | 17:00 | Dominion Trooper | |
146 | 17:01 | Unknown | |
146 | 17:03 | Unknown x3 | |
146 | 17:06 | Unknown x2 | |
146 | 17:07 | Dominion Trooper | |
146 | 17:08 | Dominion Trooper | |
143 | 17:15 | Dominion Trooper | |
143 | 17:16 | Dominion Trooper | |
143 | 17:18 | Unknown | |
145 | 17:20 | Unknown x2 | |
145 | 17:23 | Dominion Trooper | |
145 | 17:24 | Dominion Trooper | |
145 | 17:31 | Dominion Trooper | |
145 | 17:32 | Dominion Trooper | |
145 | 17:39 | Dominion Trooper | |
148 | 17:40 | Dominion Trooper | |
148 | 17:46 | Terran Infantry Weapons Level 3 | |
148 | 17:47 | Dominion Trooper | |
148 | 17:48 | Dominion Trooper | |
151 | 17:55 | Dominion Trooper | |
151 | 17:56 | Dominion Trooper | |
153 | 18:03 | Dominion Trooper | |
153 | 18:04 | Dominion Trooper | |
155 | 18:11 | Dominion Trooper | |
155 | 18:12 | Unknown, Dominion Trooper | |
155 | 18:14 | Unknown x5 | |
155 | 18:16 | Unknown x4, Terran Infantry Armor Level 3 | |
155 | 18:19 | Dominion Trooper | |
148 | 18:20 | Dominion Trooper | |
148 | 18:23 | Unknown x3 | |
148 | 18:25 | Unknown x9 | |
148 | 18:27 | Unknown x4, Dominion Trooper | |
148 | 18:28 | Dominion Trooper | |
135 | 18:32 | Unknown | |
135 | 18:34 | Unknown | |
135 | 18:35 | Unknown, Dominion Trooper | |
135 | 18:36 | Unknown x2, Dominion Trooper | |
135 | 18:37 | Unknown x2 | |
135 | 18:39 | Unknown x6 | |
124 | 18:40 | Unknown x2 | |
124 | 18:43 | Dominion Trooper x2 | |
122 | 19:27 | Unknown x3 | |
122 | 19:29 | Unknown x2 | |
119 | 19:42 | Dominion Trooper x2 | |
121 | 19:50 | Dominion Trooper x2 | |
121 | 19:58 | Dominion Trooper x2 | |
125 | 20:06 | Dominion Trooper x2 | |
125 | 20:07 | Unknown | |
127 | 20:13 | Dominion Trooper | |
127 | 20:14 | Dominion Trooper | |
129 | 20:21 | Dominion Trooper | |
129 | 20:22 | Dominion Trooper | |
129 | 20:29 | Dominion Trooper | |
132 | 20:30 | Dominion Trooper | |
132 | 20:37 | Dominion Trooper | |
132 | 20:38 | Unknown, Dominion Trooper | |
134 | 20:41 | Unknown | |
134 | 20:42 | Unknown x3 | |
134 | 20:43 | Unknown | |
134 | 20:44 | Unknown x3 | |
134 | 20:45 | Dominion Trooper | |
134 | 20:46 | Unknown, Dominion Trooper | |
134 | 20:49 | Unknown | |
126 | 20:53 | Dominion Trooper | |
126 | 20:54 | Dominion Trooper | |
128 | 21:03 | Dominion Trooper x2 | |
130 | 21:10 | Unknown x4, Dominion Trooper | |
130 | 21:11 | Dominion Trooper | |
130 | 21:18 | Dominion Trooper | |
130 | 21:19 | Dominion Trooper | |
130 | 21:22 | Unknown x7 | |
130 | 21:23 | Unknown x8 | |
130 | 21:24 | Unknown | |
130 | 21:26 | Dominion Trooper | |
130 | 21:27 | Dominion Trooper | |
130 | 21:28 | Unknown x2 | |
130 | 21:29 | Unknown x3 | |
126 | 21:30 | Unknown x6 | |
126 | 21:34 | Dominion Trooper | |
126 | 21:35 | Dominion Trooper | |
126 | 21:37 | Unknown | |
126 | 21:38 | Unknown | |
119 | 21:42 | Dominion Trooper | |
119 | 21:43 | Dominion Trooper | |
119 | 21:45 | Unknown x3 | |
118 | 21:50 | Dominion Trooper | |
118 | 21:51 | Unknown x4, Dominion Trooper | |
118 | 21:52 | Unknown | |
118 | 21:56 | Unknown x5 | |
118 | 21:58 | Dominion Trooper | |
118 | 21:59 | Dominion Trooper | |
111 | 22:01 | Unknown | |
111 | 22:02 | Unknown | |
111 | 22:03 | Unknown x2 | |
111 | 22:05 | Unknown | |
111 | 22:06 | Unknown x5, Dominion Trooper | |
111 | 22:07 | Unknown, Dominion Trooper | |
99 | 22:14 | Dominion Trooper | |
99 | 22:15 | Dominion Trooper | |
99 | 22:16 | Unknown x3 | |
99 | 22:17 | Unknown | |
92 | 22:22 | Dominion Trooper | |
92 | 22:23 | Dominion Trooper | |
92 | 22:30 | Dominion Trooper | |
92 | 22:31 | Dominion Trooper | |
92 | 22:38 | Dominion Trooper x2 | |
96 | 22:46 | Dominion Trooper x2 | |
104 | 22:54 | Dominion Trooper x2 | |
104 | 22:56 | Unknown | |
99 | 23:00 | Unknown | |
99 | 23:02 | Dominion Trooper x2 | |